 Dungeon Crawl Stone Soup version 0.28.0-43-g3370ac3207 (webtiles) character file.

Game seed: 6929984872011395116

6564 pkoi the Zephyrmancer (level 10, -10/69 HPs)
             Began as a Pale Draconian Air Elementalist on Mar 15, 2022.
             Was a Follower of Sif Muna.
             Mangled by a yak (13 damage)
             ... on level 8 of the Dungeon.
             The game lasted 00:19:42 (19736 turns).

pkoi the Zephyrmancer (DrAE)                       Turns: 19736, Time: 00:19:43

Health: -10/69     AC:  8    Str: 10    XL:     10   Next: 70%
Magic:  4/20       EV: 13    Int: 20    God:    Sif Muna [*.....]
Gold:   258        SH:  0    Dex: 12    Spells: 9/22 levels left

rFire   . . .      SeeInvis .   j - +1 dagger (freeze)
rCold   . . .      Faith    .   (no shield)
rNeg    + . .      Spirit   .   (armour unavailable)
rPois   +          Reflect  .   (helmet restricted)
rElec   +          Harm     .   g - +0 cloak
rCorr   .          Rampage  .   (no gloves)
Will    ++...                   (no boots)
Stlth   ++........              (no amulet)
HPRegen 0.21/turn               m - ring of Meler {Drain rElec rPois rN+ Will++}
MPRegen 0.17/turn               (no ring)

@: no status effects
A: breathe steam, AC +7, unfitting armour, cold-blooded, steam resistance
a: Breathe Steam, Renounce Religion, Channel Magic


You were on level 8 of the Dungeon.
You worshipped Sif Muna.
Sif Muna was aware of your devotion.
You visited 3 branches of the dungeon, and saw 11 of its levels.
You also visited: Sewer.

You collected 466 gold pieces.
You spent 208 gold pieces at shops.

Inventory:

Hand Weapons
 a - a +0 short sword
 j - a +1 dagger of freezing (weapon)
 x - a +5 short sword
Missiles
 u - 3 throwing nets
Armour
 g - a +0 cloak (worn)
 p - the +1 helmet of the Robin {+Blink rCorr Int+8 Stlth-}
   (You found it in a sewer)

   Int:       It affects your intelligence (+8).
   +Blink:    It lets you blink.
   rCorr:     It protects you from acid and corrosion.
   Stlth:     It makes you less stealthy.
Magical Staves
 b - a staff of conjuration
 n - a staff of cold
Jewellery
 m - the ring of Meler (left hand) {Drain rElec rPois rN+ Will++}
   (You acquired it on level 8 of the Dungeon)

   [ring of positive energy]

   rElec:     It insulates you from electricity.
   rPois:     It protects you from poison.
   rN:        It protects you from negative energy.
   Drain:     It drains your maximum health when unequipped.
   Will:      It greatly increases your willpower.
 t - a ring of fire
Wands
 c - a wand of digging (5)
 l - a wand of charming (12)
 s - a wand of polymorph (9)
Scrolls
 f - 2 scrolls of identify
 h - 2 scrolls of magic mapping
 i - a scroll of blinking
 q - a scroll of enchant weapon
 v - 2 scrolls of teleportation
Potions
 d - 4 potions of heal wounds
 e - 5 potions of curing
 k - a potion of invisibility
 o - 2 potions of might
 r - 3 potions of flight


   Skills:
 + Level 3.8 Dodging
 - Level 1.7 Stealth
 + Level 6.8 Spellcasting
 - Level 3.0 Conjurations
 + Level 5.9 Necromancy
 - Level 12.0 Air Magic
 + Level 6.0 Earth Magic
 - Level 3.0 Invocations


You had 9 spell levels left.
You knew the following spells:

 Your Spells              Type           Power      Damage    Failure   Level
a - Shock                 Conj/Air       100%       1d9       1%          1
b - Swiftness             Air            53%        N/A       1%          3
c - Airstrike             Air            26%        N/A       1%          4
d - Borgnjor's Vile Clut  Necr/Erth      15%        N/A       22%         5

Your spell library contained the following spells:

 Spells                   Type           Power      Damage    Failure   Level
 Corpse Rot               Necr/Air       84%        N/A       1%          2
 Static Discharge         Conj/Air       36%        N/A       1%          2
 Stone Arrow              Conj/Erth      48%        3d10      4%          3
 Dispel Undead            Necr           30%        3d14      9%          4
 Confusing Touch          Hex            6%         N/A       28%         3
 Frozen Ramparts          Ice            12%        1d3       28%         3
 Lesser Beckoning         Tloc           6%         N/A       28%         3
 Ozocubu's Armour         Ice            6%         N/A       28%         3
 Ice Form                 Ice/Tmut       6%         N/A       67%         4
 Death Channel            Necr           15%        N/A       77%         6
 Alistair's Intoxication  Tmut/Pois      4%         N/A       95%         5
 Manifold Assault         Tloc           6%         N/A       95%         5
 Yara's Violent Unravell  Hex/Tmut       3%         3d4       95%         5
 Eringya's Noxious Bog    Tmut/Pois      3%         N/A       100%        6
 Enfeeble                 Hex            3%         N/A       100%        7
 Ozocubu's Refrigeration  Ice            3%         4d5       100%        7
 Lehudib's Crystal Spear  Conj/Erth      12%        10d4      100%        8
 Animate Armour           Summ/Erth      Unusable   N/A       N/A         4

Dungeon Overview and Level Annotations

Branches:
Dungeon (9/15)             Temple (1/1) D:4            Lair (1/6) D:8
  Sewer (visited)
    Orc: D:9-12

Altars:
Ashenzari
Cheibriados
Dithmenos
Elyvilon
Fedhas
Gozag
Hepliaklqana
Kikubaaqudgha
Makhleb
Nemelex Xobeh
Okawaru
Qazlal
Ru
Sif Muna
Trog
Uskayaw
Vehumet
Wu Jian
Xom
Yredelemnul
Zin
The Shining One

Shops:
D:2 !   D:5 !


Innate Abilities, Weirdness & Mutations

You can breathe blasts of scalding, opaque steam.
Your pale cyan-grey scales are hard. (AC +7)
You cannot fit into any form of body armour.
You are cold-blooded and may be slowed by cold attacks.
You are immune to the effects of steam.


Message History

* * * LOW HITPOINT WARNING * * *
You climb upwards.
Welcome back to the Dungeon!
There is a staircase to the Lair, spattered with blood here.
Unknown command.
Aiming: Airstrike (dangerous; 1% risk of failure)
Press: ? - help, Q - select action, (/) - cycle Dir - move target, f - cane toad
Aim: a cane toad (empty space bonus: 7/8)
The air twists around and strikes the cane toad!
The cane toad is heavily wounded.
The cane toad stings you!
* * * LOW HITPOINT WARNING * * *
The yak gores you.
* * * LOW HITPOINT WARNING * * *
Aiming: Airstrike (dangerous; 1% risk of failure)
Press: ? - help, Q - select action, (/) - cycle Dir - move target, f/p - cane toad
Aim: a cane toad (moderately wounded, empty space bonus: 7/8)
The air twists around and strikes the cane toad!
The cane toad is severely wounded.
The cane toad stings you.
* * * LOW HITPOINT WARNING * * *
The cane toad stings you.
* * * LOW HITPOINT WARNING * * *
The yak gores you but does no damage.
Aiming: Airstrike (dangerous; 1% risk of failure)
Press: ? - help, Q - select action, (/) - cycle Dir - move target, f/p - cane toad
Aim: a cane toad (severely wounded, empty space bonus: 7/8)
The air twists around and strikes the cane toad!
The cane toad is almost dead.
The cane toad stings you!
* * * LOW HITPOINT WARNING * * *
The yak closely misses you.
Unknown command.
Aiming: Airstrike (dangerous; 1% risk of failure)
Press: ? - help, Q - select action, (/) - cycle Dir - move target, f/p - cane toad
Aim: a cane toad (almost dead, empty space bonus: 7/8)
The air twists around and strikes the cane toad!
You kill the cane toad!
Sif Muna accepts your kill. The yak gores you!
You die...

#.####..######...#.### #. ##.#
##..##.....#...#.### ## ###..#
#...##.#####..##...### #
##..####.#.##.##........#...###
# #..##
#...####.....########...###
#.## #...##.........## ###..##
#.#####..##...P.).....### ##..#
..#.....................# ##..
#..............Y@†......# ##.
.............P..........# #..
..........#...........### #..
..........##.........## #..
..........####.....### #..
.................### ###
#........######### ###......#
#......#


You could see a yak.

Vanquished Creatures
  Harold (D:8)
  Pikel (D:6)
  2 cane toads (D:8)
  A hornet (D:9)
  9 yaks
  A steam dragon (D:8)
  3 wargs
  Duvessa (D:7)
  4 ice beasts
  A black bear (D:7)
  3 ogres
  3 necrophages
  2 centaurs
  A lemure (D:5)
  A gnoll sergeant (D:6)
  5 bullfrogs
  3 scorpions
  A water moccasin zombie (D:5)
  10 killer bees (D:9)
  Dowan (D:7)
  2 wights (D:9)
  A howler monkey (D:9)
  2 orc priests
  A centaur skeleton (D:7)
  A centaur zombie (D:8)
  3 hounds
  2 jellies
  Ijyb (D:5)
  3 iguanas
  4 orc wizards
  2 hound skeletons
  12 gnolls
  3 adders (D:6)
  2 white imps
  2 ufetubi (D:6)
  2 worms
  2 dart slugs
  19 orcs
  2 bats
  6 endoplasms
  9 giant cockroaches
  4 goblins
  9 hobgoblins
  7 jackals
  6 quokkas
  9 ball pythons
  11 frilled lizards
  5 kobolds
  3 rats (D:3)
189 creatures vanquished.

Vanquished Creatures (others)
  2 plants
2 creatures vanquished.

Grand Total: 191 creatures vanquished

Notes
Turn   | Place    | Note
-------+----------+-------------------------------------------
     0 | D:1      | pkoi the Draconian Air Elementalist began the quest for the
                  | Orb.
     0 | D:1      | Reached XP level 1. HP: 14/14 MP: 3/3
   207 | D:1      | Reached XP level 2. HP: 16/20 MP: 3/5
   567 | D:1      | Found a faded altar of an unknown god.
  1031 | D:2      | Reached skill level 4 in Air Magic
  1304 | D:2      | Reached XP level 3. HP: 14/26 MP: 1/6
  1654 | D:2      | Found Gauda's Distillery.
  1685 | D:2      | Bought a potion of heal wounds for 65 gold pieces
  1685 | D:2      | Bought a potion of curing for 39 gold pieces
  2740 | D:4      | Noticed an ogre
  2750 | D:4      | Killed an ogre
  2751 | D:4      | Reached skill level 5 in Air Magic
  2751 | D:4      | Reached XP level 4. HP: 28/33 MP: 1/7
  2751 | D:4      | Reached XP level 5. HP: 32/38 MP: 1/8
  2956 | D:4      | Learned a level 3 spell: Swiftness
  2961 | D:4      | Learned a level 4 spell: Airstrike
  3348 | D:4      | Reached skill level 6 in Air Magic
  3700 | D:4      | Noticed a necrophage
  3722 | D:4      | Killed a necrophage
  3723 | D:4      | Reached XP level 6. HP: 22/45 MP: 0/9
  4460 | D:4      | Reached skill level 7 in Air Magic
  4460 | D:4      | Your scales start taking on a pale cyan-grey colour.
  4460 | D:4      | Reached XP level 7. HP: 46/50 MP: 6/11
  4460 | D:4      | Gained mutation: You are immune to the effects of steam.
                  | [Pale Draconian growth]
  4764 | D:4      | Found a staircase to the Ecumenical Temple.
  4787 | Temple   | Entered the Ecumenical Temple
  4833 | Temple   | Became a worshipper of Sif Muna the Loreminder
  5715 | D:5      | Entered Level 5 of the Dungeon
  5899 | D:5      | Reached skill level 8 in Air Magic
  6203 | D:5      | Noticed Ijyb
  6214 | D:5      | Killed Ijyb
  6584 | D:5      | Got the Handbook of the Countless Lies
  6947 | D:5      | Found Qynayvve's Distillery.
  7171 | D:2      | Bought a potion of mutation for 104 gold pieces
  7659 | D:6      | Reached skill level 9 in Air Magic
  7897 | D:6      | Found a glowing drain.
  7906 | Sewer    | Entered a sewer
  9132 | Sewer    | Reached XP level 8. HP: 57/57 MP: 3/12
  9152 | Sewer    | Identified the +1 helmet of the Robin {+Blink rCorr Int+8
                  | Stlth-}
  9863 | D:6      | Reached skill level 10 in Air Magic
 10230 | D:6      | Learned a level 5 spell: Borgnjor's Vile Clutch
 10532 | D:5      | Reached skill level 1 in Necromancy
 10532 | D:5      | Reached skill level 1 in Earth Magic
 10650 | D:6      | Noticed Pikel
 11289 | D:6      | Killed Pikel
 11720 | D:6      | Reached XP level 9. HP: 62/62 MP: 1/16
 13061 | D:7      | Noticed Duvessa
 13063 | D:7      | Reached * piety under Sif Muna
 13064 | D:7      | Reached skill level 5 in Spellcasting
 13068 | D:7      | Killed Duvessa
 13070 | D:7      | Noticed Dowan
 13271 | D:7      | Killed Dowan
 14033 | D:7      | Found a stormy altar of Qazlal.
 14456 | D:8      | Reached skill level 11 in Air Magic
 15063 | D:8      | Noticed Harold
 15082 | D:8      | Killed Harold
 16695 | D:8      | Reached XP level 10. HP: 68/69 MP: 7/19
 16791 | D:8      | Found a staircase to the Lair.
 17152 | D:9      | Reached skill level 5 in Earth Magic
 17440 | D:9      | Reached skill level 5 in Necromancy
 17624 | Lair:1   | Entered Level 1 of the Lair of Beasts
 17624 | Lair:1   | Noticed a cane toad
 18440 | D:9      | Identified a scroll of acquirement
 18466 | D:8      | Acquired the ring of Meler {Drain rElec rPois rN+ Will++}
 18734 | D:8      | Killed a cane toad
 19507 | Lair:1   | Noticed a cane toad
 19587 | D:8      | Reached skill level 12 in Air Magic
 19735 | D:8      | HP: 3/69 [cane toad (7)]
 19736 | D:8      | Killed a cane toad
 19736 | D:8      | Mangled by a yak

Illustrated notes

Levels and vault maps discovered:
D:1:      scummos_arrival_star, layout_basic, basic_ecumenical_altar
D:2:      layout_basic, serial_shops, nicolae_shop_statue_plus
D:3:      layout_basic, kennysheep_generic_room_10
D:4:      layout_layer_cave, minmay_temple_entry_wispy
D:5:      layout_loops_ring, serial_shops, kennysheep_little_box, uniq_ijyb
D:6:      layout_basic, portal_sewer_entry_d, uniq_pikel
D:7:      layout_loops_ring, lemuel_round_altar, uniq_duvessa
D:8:      layout_rooms, erik_lair_orcish_takeover, uniq_harold
D:9:      layout_loops_ring
Temple:   compressed_dpeg_triangle_lava_temple
Lair:1:   layout_cave_pods, gammafunk_ghost_arena, beast_lair_carwin_4,
          lemuel_fruit_tree

Skill      XL: |  1  2  3  4  5  6  7  8  9 10 |
---------------+-------------------------------+-----
Air Magic      | 4 5 6 7 9 10 11 12 | 12.0
Conjurations   | 2 3 |  3.0
Spellcasting   | 3 4 6 |  6.8
Necromancy     | 2 4 5 |  5.9
Earth Magic    | 3 4 6 |  6.0
Invocations    | 3 |  3.0
Dodging        | 2 3 |  3.8
Stealth        | |  1.7

Action                   |  1- 3 |  4- 6 |  7- 9 | 10-12 || total
-------------------------+-------+-------+-------+-------++-------
Melee: Unarmed           |    29 |       |       |       ||    29
       Tailslap          |     5 |       |     9 |     4 ||    18
       Short sword       |    18 |       |       |       ||    18
       Staff             |    15 |     3 |    21 |       ||    39
       Punch             |       |     1 |     1 |       ||     2
       Dagger            |       |       |    38 |    23 ||    61
 Cast: Shock             |    75 |    63 |    21 |       ||   159
       Airstrike         |       |       |   143 |    54 ||   197
 Abil: Breathe Steam     |       |       |     9 |     7 ||    16
  Use: Scroll            |       |       |     7 |     6 ||    13
       Potion            |       |       |     2 |       ||     2
Armor: Skin              |    21 |     6 |    23 |    24 ||    74
Dodge: Dodged            |    45 |     8 |    66 |    49 ||   168
